 Dungeon Crawl Stone Soup version 0.20.1-1-g8b1a95d (webtiles) character file.

56 equalderp2856 the Skirmisher (level 3, -2/29 HPs)
             Began as a Mummy Fighter on July 15, 2017.
             Slain by a gnoll
             ... wielding a +0 spear
              (3 damage)
             ... on level 3 of the Dungeon.
             The game lasted 00:02:36 (1398 turns).

equalderp2856 the Skirmisher (Mummy Fighter)        Turns: 1398, Time: 00:02:36

Health: -2/29      AC:  6    Str: 20    XL:     3   Next: 69%
Magic:  3/3        EV:  7    Int:  7    God:
Gold:   138        SH:  9    Dex: 11    Spells: 1/2 levels left

rFire    x . .     SeeInvis .   a - +0 long sword
rCold    + . .     Gourm    .   c - +0 shield
rNeg     + + +     Faith    .   b - +0 scale mail
rPois    ∞         Spirit   .   (no helmet)
rElec    .         Reflect  .   (no cloak)
rCorr    .         Harm     .   (no gloves)
MR       .....                  (no boots)
Stlth    ..........             (no amulet)
Regen    0.1/turn               (no ring)
MPRegen  0.1/turn               (no ring)

@: no status effects
A: no food or potions, fire vulnerability, cold resistance 1, negative energy
resistance 3, torment resistance, unbreathing
a: no special abilities


You were on level 3 of the Dungeon.
You were not hungry.

You visited 1 branch of the dungeon, and saw 3 of its levels.

You collected 138 gold pieces.

Inventory:

Hand Weapons
 a - a +0 long sword (weapon)
Armour
 b - a +0 scale mail (worn)
 c - a +0 shield (worn)
Jewellery
 f - a +3 amulet of reflection {unknown}
Scrolls
 e - a scroll of magic mapping {unknown}
Books
 d - a book of Cantrips

   Spells                             Type                      Level
   a - Confusing Touch                Hexes                        1
   b - Animate Skeleton               Necromancy                   1
   c - Summon Small Mammal            Summoning                    1
   d - Apportation                    Translocation                1


   Skills:
 + Level 3.5 Fighting
 + Level 1.9 Long Blades
 + Level 2.5 Armour
 + Level 1.0 Dodging
 + Level 2.9 Shields


You had one spell level left.
You knew the following spells:

 Your Spells              Type           Power        Failure   Level  Hunger
a - Confusing Touch       Hex            #.....       100%        1    N/A

Dungeon Overview and Level Annotations

Branches:
Dungeon (3/15)

Altars:
Qazlal


Innate Abilities, Weirdness & Mutations

You do not eat or drink.
Your flesh is vulnerable to fire.
You are immune to poison.
Your flesh is cold resistant. (rC+)
You are immune to negative energy. (rN+++)
You are immune to unholy pain and torment.
You can survive without breathing.


Message History

You slash the gnoll!
You kill the gnoll!
You block the gnoll's attack. The gnoll barely misses you.
You block the gnoll's attack.
Items here: )) †† a whip; a flail; a gnoll corpse x2
You hit the gnoll but do no damage. The gnoll hits you with a spear.
You hit the gnoll but do no damage. The gnoll hits you with a spear.
The jackal bites you.
* * * LOW HITPOINT WARNING * * *
You slash the gnoll!
The gnoll is heavily wounded.
The gnoll hits you with a spear!
* * * LOW HITPOINT WARNING * * *
The jackal barely misses you. The gnoll hits you but does no damage.
The jackal barely misses you.
You closely miss the gnoll.
The gnoll is heavily wounded.
You block the jackal's attack. The gnoll hits you with a spear.
You die...

##############
#..........).##
≈≈##########..#
#.)#########..
#...g@h......#
#..###########
#..# #..# ##!##
##..##
#....#####
#.........
#....#####


You could see a gnoll and a jackal.

Vanquished Creatures
  2 gnolls (D:3)
  An adder (D:2)
  A worm (D:2)
  3 leopard geckos
  An orc (D:3)
  2 goblins (D:1)
  4 hobgoblins
  3 bats
  3 frilled lizards (D:1)
  4 kobolds
24 creatures vanquished.

Notes
Turn   | Place    | Note
-------+----------+-------------------------------------------
     0 | D:1      | equalderp2856 the Mummy Fighter began the quest for the Orb.
     0 | D:1      | Reached XP level 1. HP: 18/18 MP: 1/1
   246 | D:1      | Reached XP level 2. HP: 22/24 MP: 2/2
   412 | D:1      | You fall through a shaft!
   462 | D:2      | Learned a level 1 spell: Confusing Touch
   596 | D:2      | Found a stormy altar of Qazlal.
   758 | D:2      | Reached XP level 3. HP: 18/29 MP: 3/3
  1391 | D:3      | Reached skill level 1 in Dodging
  1397 | D:3      | HP: 1/29 [gnoll/spear (7)]
  1398 | D:3      | Slain by a gnoll

Skill      XL: |  1  2  3 |
---------------+----------+-----
Dodging        | 1 |  1.0
Fighting       | |  3.5
Long Blades    | |  1.9
Armour         | |  2.5
Shields        | |  2.9

Action                   || total
-------------------------++-------
Melee: Long sword        ||    80
Armor: Scale mail        ||    31
Dodge: Dodged            ||    24
Block: Shield            ||    49
       Rpst.: Long sword ||     6
